 Dungeon Crawl Stone Soup version 0.28.0-53-g5a82cb258f (webtiles) character file.

Game seed: 6480919903321876372

108 safid the Chopper (level 4, 0/40 HPs)
             Began as a Hill Orc Fighter on July 29, 2022.
             Was a Follower of Kikubaaqudgha.
             Slain by an ice beast (9 damage)
             ... on level 4 of the Dungeon.
             The game lasted 00:02:39 (2183 turns).

safid the Chopper (Hill Orc Fighter)                Turns: 2183, Time: 00:02:40

Health: 0/40       AC:  8    Str: 20    XL:     4   Next: 87%
Magic:  4/4        EV:  9    Int:  8    God:    Kikubaaqudgha [*.....]
Gold:   119        SH:  4    Dex: 10    Spells: 3/3 levels left

rFire   . . .      SeeInvis .   a - +0 war axe
rCold   . . .      Faith    .   c - +0 buckler
rNeg    . . .      Spirit   .   b - +0 scale mail
rPois   .          Reflect  .   k - +0 helmet
rElec   .          Harm     .   (no cloak)
rCorr   .          Rampage  .   (no gloves)
Will    .....                   (no boots)
Stlth   ..........              (no amulet)
HPRegen 0.13/turn               (no ring)
MPRegen 0.09/turn               (no ring)

@: no status effects
A: no striking features
a: Renounce Religion, Receive Corpses


You were on level 4 of the Dungeon.
You worshipped Kikubaaqudgha.
Kikubaaqudgha was aware of your devotion.
You visited 1 branch of the dungeon, and saw 4 of its levels.

You collected 119 gold pieces.

Inventory:

Hand Weapons
 a - a +0 war axe (weapon)
Missiles
 h - 6 boomerangs (quivered)
 n - 3 poisoned darts
Armour
 b - a +0 scale mail (worn)
 c - a +0 buckler (worn)
 k - a +0 helmet (worn)
Wands
 l - a wand of flame (4)
 p - a wand of paralysis (10)
Scrolls
 e - a scroll of fog {unknown}
 f - 4 scrolls of identify {unknown}
 g - 2 scrolls of teleportation {unknown}
 i - a scroll of amnesia {unknown}
 m - a scroll of silence {unknown}
 o - a scroll of noise {unknown}
Potions
 d - a potion of might
 j - a potion of flight {unknown}


   Skills:
 - Level 4.0 Fighting
 + Level 4.9 Axes
 - Level 4.0 Armour
 - Level 4.0 Shields


You had 3 spell levels left.
You didn't know any spells.
Your spell library contained the following spells:

 Spells                   Type           Power      Damage    Failure   Level
 Animate Skeleton         Necr           0%         N/A       85%         1
 Pain                     Necr           0%         1d4       85%         1
 Corpse Rot               Necr/Air       0%         N/A       94%         2
 Vampiric Draining        Necr           0%         2d6       99%         3


Dungeon Overview and Level Annotations

Branches:
Dungeon (4/15)
 Temple: D:4-7

Altars:
Kikubaaqudgha


Message History

The ice beast barely misses you.
You closely miss the ice beast.
The ice beast is heavily wounded.
The ice beast hits you but does no damage.
You closely miss the ice beast.
The ice beast is heavily wounded.
The ice beast completely misses you.
You hit the ice beast but do no damage.
The ice beast is heavily wounded.
The ice beast hits you. The ice beast freezes you!
You barely miss the ice beast.
The ice beast is heavily wounded.
The ice beast hits you but does no damage. x2
You closely miss the ice beast.
The ice beast is heavily wounded.
The ice beast hits you. The ice beast freezes you!
You slash the ice beast!
The ice beast is almost dead.
The ice beast hits you. The ice beast freezes you!
* * * LOW HITPOINT WARNING * * *
You are too injured to fight recklessly!
You are too injured to fight recklessly!
You are too injured to fight recklessly!
You are too injured to fight recklessly!
You are too injured to fight recklessly!
You are too injured to fight recklessly!
You are too injured to fight recklessly!
You are too injured to fight recklessly!
You are too injured to fight recklessly!
You are too injured to fight recklessly!
You are too injured to fight recklessly!
You are too injured to fight recklessly!
Unknown command.
You barely miss the ice beast.
The ice beast is almost dead.
The ice beast hits you.
* * * LOW HITPOINT WARNING * * *
The ice beast freezes you!
You die...
Kikubaaqudgha rasps: "You have failed me!
Welcome... death!"

#################
......Y@........#
##########.###### #.#
### #.# ..# #.#
#.#################.#
..#.................#
....###..############
..#......###


You could see an ice beast.

Vanquished Creatures
  A jelly (D:4)
  A hound (D:4)
  An ufetubus (D:2)
  A dart slug (D:2)
  8 ball pythons
  2 endoplasms
  6 goblins
  4 hobgoblins
  4 jackals (D:4)
  3 kobolds
  A bat (D:1)
  5 frilled lizards
  5 rats
42 creatures vanquished.

Notes
Turn   | Place    | Note
-------+----------+-------------------------------------------
     0 | D:1      | safid the Hill Orc Fighter began the quest for the Orb.
     0 | D:1      | Reached XP level 1. HP: 19/19 MP: 1/1
   197 | D:1      | Reached XP level 2. HP: 27/27 MP: 2/2
   765 | D:2      | Reached XP level 3. HP: 16/33 MP: 3/3
  1620 | D:3      | Found a faded altar of an unknown god.
  1798 | D:3      | Prayed at the altar of an unknown god.
  1798 | D:3      | Became a worshipper of Kikubaaqudgha
  1798 | D:3      | Reached * piety under Kikubaaqudgha
  1798 | D:3      | Received a gift from Kikubaaqudgha
  1943 | D:4      | Reached XP level 4. HP: 28/40 MP: 4/4
  2167 | D:4      | Noticed an ice beast
  2183 | D:4      | Slain by an ice beast

Illustrated notes

Levels and vault maps discovered:
D:1:      co_arrival_random_square_maze, layout_basic
D:2:      layout_rooms, chequers_serial_rivers_micro_d
D:3:      layout_loops_ring, shapermc_ecumenical_altar_ellora
D:4:      layout_basic

Skill      XL: |  1  2  3 |
---------------+----------+-----
Axes           | 3 4 |  4.9
Fighting       | 4 |  4.0
Armour         | 4 |  4.0
Shields        | 4 |  4.0

Action                   |  1- 3 |  4- 6 || total
-------------------------+-------+-------++-------
Melee: War axe           |   107 |    21 ||   128
Armor: Scale mail        |    57 |    13 ||    70
Dodge: Dodged            |    55 |     7 ||    62
Block: Buckler           |    24 |     4 ||    28
